 Dungeon Crawl Stone Soup version 0.29.1 (webtiles) character file.

Game seed: 16564711608338533697

95 QueenGhuleh the Chopper (level 4, -2/61 HPs)
             Began as a Minotaur Berserker on Sept 13, 2022.
             Was a Believer of Trog.
             Slain by a gnoll
             ... wielding a +0 spear
              (3 damage)
             ... on level 2 of the Dungeon on Sept 14, 2022.
             The game lasted 00:04:02 (1461 turns).

QueenGhuleh the Chopper (Minotaur Berserker)        Turns: 1461, Time: 00:04:03

Health: -2/61      AC:  2    Str: 23    XL:     4   Next: 40%
Magic:  3/3        EV: 13    Int:  4    God:    Trog [**....]
Gold:   67         SH:  0    Dex: 16    Spells: 3/3 levels left

rFire   . . .      SeeInvis .   a - +0 hand axe
rCold   . . .      Faith    .   (no shield)
rNeg    . . .      Spirit   .   b - +0 animal skin
rPois   .          Reflect  .   (helmet restricted)
rElec   .          Harm     .   (no cloak)
rCorr   .          Rampage  .   (no gloves)
Will    .....                   (no boots)
Stlth   ..........              (no amulet)
HPRegen 0.20/turn               g - +6 ring of dexterity
MPRegen 0.08/turn               (no ring)

@: berserking, very quick
A: horns 2, retaliatory headbutt
a: Renounce Religion, Berserk, Trog's Hand


You were on level 2 of the Dungeon.
You worshipped Trog.
Trog was pleased with you.
You visited 1 branch of the dungeon, and saw 2 of its levels.

You collected 67 gold pieces.

Inventory:

Hand Weapons
 a - a +0 hand axe (weapon)
Armour
 b - a +0 animal skin (worn)
Jewellery
 g - a +6 ring of dexterity (left hand)
Scrolls
 f - 2 scrolls of identify {unknown}
 h - a scroll of amnesia {unknown}
Potions
 c - a potion of curing {unknown}
 d - a potion of haste {unknown}
 e - a potion of brilliance {unknown}
 i - a potion of mutation {unknown}


   Skills:
 + Level 4.7 Fighting
 + Level 4.9 Axes
 + Level 2.5 Armour
 + Level 2.8 Dodging
 + Level 0.4 Stealth


You had 3 spell levels left.
You didn't know any spells.
Your spell library was empty.

Dungeon Overview and Level Annotations

Branches:
Dungeon (2/15)

Altars:


Innate Abilities, Weirdness & Mutations

You have a pair of horns on your head.
You reflexively headbutt those who attack you in melee.


Message History

You kill the endoplasm!
Trog accepts your kill.
You closely miss the gnoll.
The gnoll hits you from afar with a +0 spear.
The gnoll closely misses you. You furiously retaliate!
You headbutt the gnoll!
The gnoll hits you from afar with a +0 spear.
You miss the adder. You headbutt the adder!
The adder is almost dead.
You barely miss the rat. You closely miss the gnoll.
The adder closely misses you. The gnoll barely misses you.
The gnoll hits you with a +0 flail!
* * * LOW HITPOINT WARNING * * *
The gnoll hits you from afar with a +0 spear.
* * * LOW HITPOINT WARNING * * *
The rat closely misses you.
You miss the adder.
The adder is almost dead.
You hit the rat.
You kill the rat!
Trog accepts your kill.
You completely miss the gnoll. The adder closely misses you.
The gnoll hits you from afar with a +0 spear.
* * * LOW HITPOINT WARNING * * *
The gnoll misses you. The gnoll hits you with a +0 flail.
* * * LOW HITPOINT WARNING * * *
You closely miss the adder. You headbutt the adder.
You kill the adder!
Trog accepts your kill.
You hit the gnoll.
You feel the power of Trog in you as your rage grows.
You kill the gnoll!
Trog accepts your kill. The gnoll hits you with a +0 spear.
* * * LOW HITPOINT WARNING * * *
The gnoll misses you.
You see here an adder corpse.
You slash the gnoll!
The gnoll is severely wounded.
You barely miss the gnoll. The gnoll hits you with a +0 spear.
You die...

[........##.#
###.....###.#####
##....# #.....#
##.#.# #####.#
#.#.# ##.## .#.#
##...## ..
####...(.## .
.!........##
.#....)@)..#
#....gg.......
.....$.....####
..........##
.........##
........##
..?...### ##.##.


You could see 2 gnolls.

Vanquished Creatures
  2 gnolls (D:2)
  2 adders (D:2)
  3 bats (D:1)
  9 endoplasms
  6 giant cockroaches (D:1)
  2 goblins (D:2)
  A hobgoblin (D:1)
  10 jackals (D:1)
  6 kobolds (D:1)
  A ball python (D:2)
  3 frilled lizards
  11 rats
56 creatures vanquished.

Notes
Turn   | Place    | Note
-------+----------+-------------------------------------------
     0 | D:1      | QueenGhuleh the Minotaur Berserker began the quest for the
                  | Orb.
     0 | D:1      | Reached XP level 1. HP: 19/19 MP: 0/0
     3 | D:1      | Found a runed translucent door.
   255 | D:1      | Reached XP level 2. HP: 27/27 MP: 1/1
   745 | D:1      | Reached ** piety under Trog
   831 | D:1      | Reached XP level 3. HP: 33/34 MP: 2/2
  1353 | D:2      | Identified the +2 flail of the Onslaught {vorpal, Int+6}
  1455 | D:2      | Reached XP level 4. HP: 19/41 MP: 3/3
  1460 | D:2      | HP: 1/61 [gnoll/+0 spear (5)]
  1461 | D:2      | Slain by a gnoll

Illustrated notes

Levels and vault maps discovered:
D:1:      dpeg_arrival_caged_fury, layout_basic, minmay_circled_x
D:2:      layout_loops_ring, dilly_ecumenical_altar_fadedgnrine

Skill      XL: |  1  2 |
---------------+-------+-----
Fighting       | 4 |  4.7
Axes           | 4 |  4.9
Armour         | |  2.5
Dodging        | |  2.8
Stealth        | |  0.4

Action                   |  1- 3 |  4- 6 || total
-------------------------+-------+-------++-------
Melee: Hand axe          |    81 |     5 ||    86
       Headbutt          |     8 |     2 ||    10
Invok: Berserk           |     1 |     1 ||     2
Armor: Animal skin       |    15 |     2 ||    17
Dodge: Dodged            |    45 |     7 ||    52
